 Dungeon Crawl Stone Soup version 0.23-a0-690-g0a1fc62c7c (webtiles) character file.

497 LLavrengius the Sneak (level 7, -7/46 HPs)
             Began as an Octopode Fighter on Jan 11, 2019.
             Killed by divine providence
             ... invoked by an orc priest
              (13 damage)
             ... on level 6 of the Dungeon.
             The game lasted 00:09:00 (2431 turns).

LLavrengius the Sneak (Octopode Fighter)            Turns: 2431, Time: 00:09:03

Health: -7/46      AC:  1    Str: 15    XL:     7   Next: 15%
Magic:  16/16      EV: 14    Int: 12    God:
Gold:   150        SH:  5    Dex: 12    Spells: 5/6 levels left

rFire    . . .     SeeInvis .   f - +2 dagger (venom)
rCold    + . .     Gourm    .   t - +0 buckler
rNeg     . . .     Faith    .   (helmet restricted)
rPois    .         Spirit   .   (no amulet)
rElec    .         Reflect  .   j - ring of magical power
rCorr    .         Harm     .   l - ring of protection from cold
MR       .....                  (no ring)
Stlth    ++++......             (no ring)
HPRegen  0.15/turn              (no ring)
MPRegen  0.15/turn              (no ring)
                                (no ring)
                                (no ring)

@: no status effects
A: almost no armour, stealthy swim, amphibious, 8 rings, constrict 8, camouflage
1, gelatinous body 1
a: no special abilities


You were on level 6 of the Dungeon.
You were not hungry.

You visited 1 branch of the dungeon, and saw 4 of its levels.

You collected 150 gold pieces.

Inventory:

Hand Weapons
 a - a +0 rapier
 f - a +2 dagger of venom (weapon)
Armour
 b - a +0 shield
 t - a +0 buckler (worn)
Jewellery
 j - a ring of magical power (left tentacle)
 l - a ring of protection from cold (right tentacle)
Scrolls
 e - 2 scrolls of remove curse {unknown}
 h - a scroll of amnesia {unknown}
 i - a scroll of blinking {unknown}
 k - 2 scrolls of teleportation {unknown}
 n - 3 scrolls of enchant armour {unknown}
 p - a scroll of noise {unknown}
 r - 2 scrolls of identify {unknown}
Potions
 c - 4 potions of might
 g - a potion of mutation {unknown}
 m - a potion of heal wounds {unknown}
 o - a potion of resistance {unknown}
 q - a potion of curing {unknown}
Comestibles
 d - 4 rations
 s - 5 chunks of flesh


   Skills:
 - Level 3.0 Fighting
 + Level 5.1 Short Blades
 - Level 3.0 Dodging
 + Level 6.6 Stealth
 - Level 4.0 Shields


You had 5 spell levels left.
You knew the following spells:

 Your Spells              Type           Power        Failure   Level  Hunger
a - Confusing Touch       Hex            #.....       32%         1    ##.....

Your spell library contained the following spells:

 Spells                   Type           Power        Failure   Level  Hunger
 Confuse                  Hex            #.......     69%         3    ####...
 Gell's Gravitas          Tloc           #.........   69%         3    ####...
 Petrify                  Tmut/Erth      #.......     97%         4    #####..
 Metabolic Englaciation   Hex/Ice        #.........   100%        5    ######.
 Yara's Violent Unravell  Hex/Tmut       #.........   100%        5    ######.


Dungeon Overview and Level Annotations

Branches:
Dungeon (3/15)

Altars:
Elyvilon
Ru
Zin
The Shining One


Innate Abilities, Weirdness & Mutations

You cannot wear most types of armour.
You are very stealthy in the water. (Stealth+)
You are amphibious.
You can wear up to eight rings at the same time.
You can use your tentacles to constrict eight enemies at once.
Your skin changes colour to match your surroundings (Stealth+).
Your rubbery body absorbs attacks. (AC +1, EV +1)


Message History

There is an open door, spattered with blood here.
Items here: ) [ †† a +0 war axe; a cursed +0 leather armour; an orc corpse x2
You hit the orc priest. Your grab misses the orc priest.
The orc priest is heavily wounded.
The orc priest mumbles some strange prayers to Beogh against you.
Beogh smites you!
* * * LOW HITPOINT WARNING * * *
You hit the orc priest.
The orc priest is poisoned.
Your grab misses the orc priest. Your squeeze misses the orc priest.
The orc priest is moderately wounded.
The orc priest closely misses you.
You hit the orc priest but do no damage.
Your grab misses the orc priest.
The orc priest is moderately wounded.
The orc priest hits you with a +0 short sword.
* * * LOW HITPOINT WARNING * * *
The orc priest invokes the aid of Beogh against you.
Beogh smites you!
You die...

.#######...# #o##+#......#
............ #....'......+
............ #....#......#
............ #....#......#
+###..###.. ######......##
#..######+####....(......#
#............#...........#
#............#o..>.......#
+.......†...o@...........#
#............#...........#
#............#...........#
#...##.......#...........#
#...##.......#...........#
#)..##########..........
#........ #.....####
#........ #.....#
#.........


You could see 2 orc priests.

Vanquished Creatures
  A hippogriff (D:3)
  A centaur (D:6)
  A crimson imp (D:3)
  An orc priest (D:6)
  Crazy Yiuf (D:2)
  A hound (D:6)
  4 adders
  2 oozes
  2 worms (D:2)
  A dart slug (D:1)
  2 leopard geckos
  An orc (D:6)
  2 ball pythons (D:1)
  2 giant cockroaches
  11 goblins
  8 hobgoblins
  3 jackals (D:2)
  2 bats
  A frilled lizard (D:1)
  12 kobolds
  8 rats
67 creatures vanquished.

Notes
Turn   | Place    | Note
-------+----------+-------------------------------------------
     0 | D:1      | LLavrengius the Octopode Fighter began the quest for the
                  | Orb.
     0 | D:1      | Reached XP level 1. HP: 16/16 MP: 1/1
    58 | D:1      | Reached skill level 1 in Stealth
    61 | D:1      | Reached XP level 2. HP: 21/21 MP: 2/2
    97 | D:1      | Reached skill level 2 in Stealth
   352 | D:1      | Reached XP level 3. HP: 19/26 MP: 3/3
   992 | D:2      | Found a sacrificial altar of Ru.
   999 | D:2      | Reached skill level 3 in Stealth
  1115 | D:2      | Found a glowing golden altar of the Shining One.
  1115 | D:2      | Found a white marble altar of Elyvilon.
  1115 | D:2      | Found a glowing silver altar of Zin.
  1165 | D:2      | Reached XP level 4. HP: 29/31 MP: 4/4
  1260 | D:2      | Found a runed door.
  1502 | D:2      | Noticed Crazy Yiuf
  1509 | D:2      | Killed Crazy Yiuf
  1509 | D:2      | Reached skill level 4 in Stealth
  1602 | D:3      | Reached XP level 5. HP: 17/36 MP: 5/5
  1703 | D:3      | Reached skill level 5 in Stealth
  1917 | D:3      | Learned a level 1 spell: Confusing Touch
  2070 | D:3      | Noticed a hippogriff
  2097 | D:3      | Killed a hippogriff
  2097 | D:3      | Reached skill level 6 in Stealth
  2097 | D:3      | Reached XP level 6. HP: 7/42 MP: 6/6
  2337 | D:3      | You fall through a shaft for 3 floors!
  2363 | D:6      | Reached skill level 5 in Short Blades
  2363 | D:6      | Reached XP level 7. HP: 46/46 MP: 7/7
  2431 | D:6      | Killed from afar by an orc priest

Vault maps used:
D:1:      dpeg_arrival_tiny_g
D:2:      good_gods_mini_temple, nicolae_ru_awakened_eye,
          uniq_crazy_yiuf_cottage
D:3:      amethyst_overflow_temple_binary, minmay_circle_x
D:6:      lemuel_castle_with_subvaults, basic_altar

Skill      XL: |  1  2  3  4  5  6 |
---------------+-------------------+-----
Stealth        | 1 2 3 4 6 |  6.6
Short Blades   | 3 4 5 |  5.1
Shields        | 4 |  4.0
Fighting       | |  3.0
Dodging        | |  3.0

Action                   |  1- 3 |  4- 6 |  7- 9 || total
-------------------------+-------+-------+-------++-------
Melee: Rapier            |    14 |       |       ||    14
       Constrict         |    20 |    15 |     2 ||    37
       Tentacles         |     6 |    10 |     2 ||    18
       Dagger            |    64 |    56 |    12 ||   132
 Cast: Confusing Touch   |       |     1 |       ||     1
 Stab: Sleeping          |     2 |     7 |       ||     9
  Eat: Chunk             |     1 |     3 |     1 ||     5
Armor: Skin              |     4 |     7 |     1 ||    12
Dodge: Dodged            |    24 |    35 |     1 ||    60
Block: Shield            |    25 |    14 |       ||    39
       Buckler           |       |     2 |     2 ||     4

Table legend:
 A = Non-vault XP
 B = Vault XP
 C = Vault XP percentage of total XP
 D = Non-vault monster count
 E = Vault monster count
 F = Vault count percentage of total count
                 A         B        C        D         E       F
            +---------+---------+-------+---------+---------+-------
      Total |     598 |     112 |  15.8 |      59 |       8 |  11.9
            +---------+---------+-------+---------+---------+-------
        D:1 |      44 |       0 |   0.0 |      25 |       0 |   0.0
        D:2 |      71 |      40 |  36.0 |      20 |       1 |   4.8
        D:3 |     284 |      72 |  20.2 |      10 |       7 |  41.2
        D:6 |     199 |       0 |   0.0 |       4 |       0 |   0.0
            +---------+---------+-------+---------+---------+-------
